Unix NetHack Version 5.0.0-0 post-release - last build May 10 2026 23:12:36 (d1fa5d53e341ca933230fdaa984d921c805b60aa,branch:main).

Game began 2026-05-14 17:39:58, ended 2026-05-14 17:48:13.

BeardyHaddock, neutral male gnomish Archeologist

                                  --------------
                                 @k..d...`%.(..|             ----------
                                 k|.d..^.......|           ##........<|
                                  -----------.--           # |........|
                                             #           ### |.......(|
                                        ##  ##           #   |........|
                                       ######            #   |.....:..|
                                       #         --------#   ----------
                                      ##         |......|#
                                      #          |......|#
                                      #          |......|#
                                    --|---       +......|#
                                    |....|#      |.......#
                                    |....-#######-......|
                                    |....|#      --------
                                    |.%..|
                                    ------

BeardyHaddock the Field Worker  St:12 Dx:11 Co:10 In:17 Wi:16 Ch:11  Neutral
Dlvl:3  $:40 HP:0(19) Pw:7(7) AC:9  Xp:3 T:783 

Latest messages:
 In what direction? 7
 You kick a large box.
 THUD!
 In what direction? 7
 You kick a large box.
 THUD!
 In what direction? 7
 You kick a large box.
 THUD!
 In what direction? 7
 You kick a large box.
 THUD!
 You break open the lock!
 You see here a broken large box.
 The large box is empty.
 You find an anti-magic field.
 The gnome zombie hits!
 You hit the gnome zombie.
 You miss the gnome zombie.
 The gnome zombie hits!
 You destroy the gnome zombie!
 You hit the little dog.
 The little dog bites!
 The little dog bites!
 What do you want to write with? [- agkuv or ?*] -
 You write in the dust with your fingertip.
 What do you want to write in the dust here? Elbereth
 The little dog turns to flee.
 The door resists!
 The door resists!
 The door opens.
 The grid bug just misses!
 You kill the grid bug!
 The newt bites!
 In what direction? 6
 The door closes.
 You kill the newt!
 What do you want to read? [lw or ?*] l
 As you read the scroll, it disappears.
 You hear maniacal laughter in the distance.
 You hear some noises.
 The large kobold opens a door.
 You miss the kobold.
 The large kobold hits!
 You die...
 Do you want your possessions identified? [ynq] (y) n
 Do you want to see your attributes? [ynq] (y) n
 Do you want an account of creatures vanquished? [ynaq] (y) n
 Do you want to see your conduct and achievements? [ynq] (y) n
 Do you want to see the dungeon overview? [ynq] (y) n

Inventory:
 Coins    ('$')
  $ - 40 gold pieces
 Weapons  (')')
  v - a +0 elven dagger
  a - a +2 bullwhip
 Armor    ('[')
  c - an uncursed +0 fedora (being worn)
  t - an uncursed +0 leather cloak
  b - an uncursed +0 leather jacket (being worn)
 Comestibles  ('%')
  d - 3 uncursed food rations
 Spellbooks  ('+')
  w - an uncursed spellbook of light
 Wands    ('/')
  k - a wand of create monster (0:14)
 Tools    ('(')
  h - an empty uncursed sack
  s - an uncursed wooden harp
  e - a +0 pick-axe (weapon in right hand)
  f - a tinning kit (0:95)
 Gems/Stones  ('*')
  u - an uncursed worthless piece of red glass
  g - an uncursed touchstone

BeardyHaddock the Archeologist's attributes:

Background:
 You were a Field Worker, a level 3 male gnomish Archeologist.
 You were neutral, on a mission for Camaxtli
 who was opposed by Quetzalcoatl (lawful) and Huhetotl (chaotic).
 You were right-handed.
 You were in the Dungeons of Doom, on level 3.
 You entered the dungeon 783 turns ago.
 You had 46 experience points, 34 more were needed to attain level 4.

Basics:
 You had 0 out of 19 hit points.
 You had all 7 energy points (spell power).
 Your armor class was 9.
 Your wallet contained 40 zorkmids.
 Autopickup was off.

Final Characteristics:
 Your strength was 12 (limit:18/50).
 Your dexterity was 11 (limit:18).
 Your constitution was 10 (limit:18).
 Your intelligence was 17 (limit:19).
 Your wisdom was 16 (limit:18).
 Your charisma was 11 (limit:18).

Final Status:
 You weren't hungry.
 You were unencumbered.
 You were wielding a pick-axe.
 You had basic skill with pick-axe.

Final Attributes:
 You were fervently aligned.
 You had automatic searching.
 You had infravision.
 You were lucky.
 You are dead.

Miscellaneous:
 You didn't encounter any bones levels.
 Total elapsed playing time was 8 minutes and 15 seconds.

Major events:
 Turn
    1: BeardyHaddock the neutral male gnomish Archeologist entered the dungeon
  663: attained the rank of Field Worker (level 3)
  783: killed by a large kobold

Spells:
 Name                 Level Category     Fail Retention
 light                  1   divination     0%  76%-100%

Skills:
 Fighting Skills
   bare handed combat [Unskilled]
   two weapon combat  [Unskilled]
   riding             [Unskilled]
 Weapon Skills
   dagger             [Unskilled]
   knife              [Unskilled]
   pick-axe           [Basic]
   short sword        [Unskilled]
   saber              [Unskilled]
   club               [Unskilled]
   quarterstaff       [Unskilled]
   sling              [Unskilled]
   dart               [Unskilled]
   boomerang          [Unskilled]
   whip               [Basic]
   unicorn horn       [Unskilled]
 Spellcasting Skills
   attack spells      [Unskilled]
   healing spells     [Unskilled]
   divination spells  [Unskilled]
   matter spells      [Unskilled]

Voluntary challenges:
 Character rerolling was not enabled.
 You were an atheist.
 You never genocided any monsters.
 You never polymorphed an object.
 You never changed form.
 You used no wishes.
Achievements:
 You entered a shop.
 You attained the rank of Field Worker.

 The Dungeons of Doom: levels 1 to 3
    Level 1:
       A sink, a grave.
    Level 2:
       A general store, a grave.
    Level 3: <- You were here.
       Final resting place for
          you, killed by a large kobold.


Vanquished creatures:
  2 acid blobs
  a hobbit
  2 giant rats
  a gnome zombie
  a gecko
  a jackal
  2 foxes
  2 kobolds
  3 goblins
  2 grid bugs
  3 newts
20 creatures vanquished.

No species were genocided or became extinct.

Game over:
                       ----------
                      /          \
                     /    REST    \
                    /      IN      \
                   /     PEACE      \
                  /                  \
                  |  BeardyHaddock   |
                  |      40 Au       |
                  |   killed by a    |
                  |   large kobold   |
                  |                  |
                  |                  |
                  |       2026       |
                 *|     *  *  *      | *
        _________)/\\_//(\/(/\)/\//\/|_)_______

Goodbye BeardyHaddock the Archeologist...

You died in The Dungeons of Doom on dungeon level 3 with 330 points,
and 40 pieces of gold, after 783 moves.
You were level 3 with a maximum of 19 hit points when you died.

